 Dungeon Crawl Stone Soup version 0.30.0-5-g1a98f26d00 (webtiles) character file.

Game seed: 9309947025627463198

193 LaggoTC the Sneak (level 5, -16/36 HPs)
             Began as an Octopode Fighter on May 10, 2023.
             Killed by an exploding orc (30 damage)
             ... ignited by their inner flame
             ... on level 4 of the Dungeon.
             The game lasted 00:12:59 (3267 turns).

LaggoTC the Sneak (Octopode Fighter)                Turns: 3267, Time: 00:12:59

Health: -16/36     AC:  5    Str: 18    XL:     5   Next: 72%
Magic:  0/5        EV: 12    Int: 10    God:
Gold:   141        SH:  8    Dex: 11    Spells: 4/4 levels left

rFire   . . .        i - +2 short sword (flame)
rCold   . . .        s - +0 kite shield
rNeg    . . .        (helmet restricted)
rPois   .            u - amulet of guardian spirit
rElec   .            e - +4 ring of protection
rCorr   .            g - ring of see invisible
SInv    +            (no ring)
Will    .....        (no ring)
Stlth   ++++         (no ring)
HPRegen 0.26/turn    (no ring)
MPRegen 0.09/turn    (no ring)
                     (no ring)

%: guardian spirit
@: no status effects
A: almost no armour, amphibious, 8 rings, camouflage 1, gelatinous body 1,
(nimble swimmer 1), tentacles
a: no special abilities


You were on level 4 of the Dungeon.
You visited 1 branch of the dungeon, and saw 4 of its levels.

You collected 141 gold pieces.

Inventory:

Hand Weapons
 a - a +0 flail
 i - a +2 short sword of flaming (weapon)
Armour
 s - a +0 kite shield (worn)
Jewellery
 e - a +4 ring of protection (left tentacle)
 g - a ring of see invisible (right tentacle)
 u - an amulet of guardian spirit (around mantle)
Scrolls
 b - 2 scrolls of fear
 f - 4 scrolls of identify
 j - a scroll of poison
 l - a scroll of noise {unknown}
 m - a scroll of vulnerability {unknown}
 o - a scroll of immolation
 q - a scroll of enchant armour {unknown}
 r - a scroll of teleportation {unknown}
 t - 2 scrolls of fog {unknown}
 v - a scroll of magic mapping {unknown}
 y - a scroll of amnesia {unknown}
Potions
 c - a potion of might
 d - 2 potions of lignification
 h - a potion of attraction
 k - a potion of heal wounds {unknown}
 n - 2 potions of haste
 p - a potion of curing {unknown}
 w - a potion of berserk rage {unknown}
 x - a potion of brilliance {unknown}


   Skills:
 - Level 3.2 Fighting
 * Level 2.7 Short Blades
 - Level 2.1 Maces & Flails
 - Level 3.0 Dodging
 + Level 5.0 Stealth
 * Level 3.6 Shields


You had 4 spell levels left.
You didn't know any spells.
Your spell library contained the following spells:

 Spells                   Type           Power      Damage    Failure   Level
 Blink                    Tloc           0%         N/A       83%         2
 Cigotuvi's Dreadful Rot  Necr/Pois/Air  0%         N/A       83%         2
 Lesser Beckoning         Tloc           0%         N/A       83%         2
 Momentum Strike          Conj/Tloc      0%         3d8       83%         2
 Dispel Undead            Necr           0%         3d6       100%        4
 Death Channel            Necr           0%         N/A       100%        6


Dungeon Overview and Level Annotations

Branches:
Dungeon (4/15)
 Temple: D:4-7

Altars:

Shops:
D:4 *

Annotations:
D:4 Sigmund


Innate Abilities, Weirdness & Mutations

You cannot wear most types of armour.
You are amphibious.
You can wear up to eight rings at the same time.
Your skin changes colour to match your surroundings (Stealth+).
Your rubbery body absorbs attacks. (AC +1, EV +1)
((You are camouflaged when in or above water. (Stealth+)))
You have tentacles for arms and can constrict up to eight enemies at once.


Message History

You now have 137 gold pieces (gained 17).
You open the door.
There is an open door here.
Found a pair of brightly glowing gloves.
Found a lumpy coppery potion.
You see here the +0 pair of gloves of Hetyeh {+Inv rCorr}.
You see here the +0 pair of gloves of Hetyeh {+Inv rCorr}.
x - a lumpy coppery potion You see here the +0 pair of gloves of Hetyeh {+Inv rCorr}.
Found 4 gold pieces.
You now have 141 gold pieces (gained 4).
Found a scroll labelled KUOPUM MUTRUCO.
y - a scroll labelled KUOPUM MUTRUCO
Found 14 gold pieces.
An orc priest and an orc come into view.
The orc is wielding a +1 short sword of venom. 2 orcs come into view.
The orc priest invokes the aid of Beogh against you.
Beogh smites you!
The orc shouts!
Found a scroll labelled HAKKO WIGGAICAR.
The orc priest miscasts a cantrip.
The orc priest calls down the wrath of Beogh upon you.
Beogh smites you! The orc barely misses you.
You hear a shout!
You closely miss the orc.
The orc shouts!
Your grab misses the orc. The orc hits you with a +0 hand axe.
You hit the orc. You burn the orc. Your grab misses the orc.
The orc is almost dead.
The orc misses you.
As you read the scroll of immolation, it crumbles to dust.
The creatures around you are filled with an inner flame!
The orc barely misses you.
You hit the orc. You burn the orc.
The orc explodes!
The fiery explosion engulfs the orc priest!!
The fiery explosion engulfs you!!
Ouch! That really hurt!
You die...

#.# #.# ###### #.# #..?.. #.#
#.o... #.# #..... #.# #.....
#.#
##.....#######.#############
.....$..o)ยง@................
####+#######################


You could see an orc (inner flame).

Vanquished Creatures
  An orc priest (D:4)
  4 gnolls (D:3)
  7 adders
  A white imp (D:4)
  A worm (D:3)
  6 dart slugs
  2 orcs
  9 bats
  9 endoplasms
  4 goblins
  5 hobgoblins
  3 quokkas
  7 ball pythons
  6 frilled lizards
  6 kobolds
  5 rats
76 creatures vanquished.

Notes
Turn   | Place    | Note
-------+----------+-------------------------------------------
     0 | D:1      | LaggoTC the Octopode Fighter began the quest for the Orb.
     0 | D:1      | Reached XP level 1. HP: 16/16 MP: 1/1
   347 | D:1      | Reached XP level 2. HP: 21/21 MP: 2/2
   621 | D:1      | Reached skill level 1 in Stealth
   803 | D:2      | Reached skill level 2 in Stealth
   803 | D:2      | Reached XP level 3. HP: 25/26 MP: 3/3
   827 | D:2      | Reached skill level 1 in Short Blades
   950 | D:2      | Reached skill level 3 in Stealth
   950 | D:2      | Reached XP level 4. HP: 31/31 MP: 4/4
  2040 | D:3      | Reached skill level 4 in Stealth
  2131 | D:3      | Reached XP level 5. HP: 36/36 MP: 5/5
  2938 | D:3      | Reached skill level 5 in Stealth
  3012 | D:4      | Noticed Sigmund
  3012 | D:4      | Found Downify's General Store.
  3103 | D:4      | Identified the +0 pair of gloves of Hetyeh {+Inv rCorr}
  3267 | D:4      | Killed by an exploding orc... ignited by their inner flame

Illustrated notes

Levels and vault maps discovered:
D:1:      sevenhm_arrival_forest_fort_small_4, layout_basic, serial_shops,
          nicolae_shop_stone, chequers_serial_rivers_micro_a
D:2:      layout_basic
D:3:      minmay_evil_eye, layout_basic, minmay_vboxes
D:4:      layout_basic, serial_shops, nicolae_stop_n_shop_1, uniq_sigmund,
          uniq_grinder, uniq_duvessa

Skill      XL: |  1  2  3  4  5 |
---------------+----------------+-----
Stealth        | 2 3 4 5 |  5.0
Short Blades   | 1 2 |  2.7
Fighting       | |  3.2
Maces & Flails | |  2.1
Dodging        | |  3.0
Shields        | |  3.6

Action                     |  1- 3 |  4- 6 || total
---------------------------+-------+-------++-------
  Melee: Flail             |    10 |       ||    10
         Constrict         |     8 |    23 ||    31
         Short sword       |    28 |    84 ||   112
         Tentacles         |     5 |    18 ||    23
    Use: Scroll            |       |     5 ||     5
         Potion            |       |     2 ||     2
   Stab: Sleeping          |     6 |    12 ||    18
         Distracted        |       |     1 ||     1
 Armour: Skin              |     5 |    17 ||    22
  Dodge: Dodged            |    24 |    51 ||    75
  Block: Buckler           |     8 |     9 ||    17
         Kite shield       |       |    11 ||    11
